 Dungeon Crawl Stone Soup version 0.31-a0-1308-ga3cce3a448 (webtiles) character file.

Game seed: 12603460140994459074

9974 gelatine the Cleaver (level 11, -1/58 HPs)
             Began as a Vine Stalker Fighter on Dec 19, 2023.
             Slain by a red ugly thing (15 damage)
             ... on level 10 of the Dungeon on Dec 20, 2023.
             The game lasted 00:33:50 (8468 turns).

gelatine the Cleaver (Vine Stalker Fighter)         Turns: 8468, Time: 00:33:52

Health: -1/58      AC: 12    Str: 29    XL:     11   Next: 54%
Magic:  0/18       EV: 13    Int:  8    God:
Gold:   538        SH:  5    Dex: 14    Spells: 16/18 levels left

rFire   . . .        L - +2 hand axe (freeze)
rCold   + . .        c - +0 buckler
rNeg    . . .        H - +2 ring mail {rC+}
rPois   .            i - +0 helmet {SInv}
rElec   .            (no cloak)
rCorr   .            f - +2 pair of gloves
SInv    +            (no boots)
Will    +....        n - amulet of the acrobat
Stlth   ++           m - +6 ring of strength
HPRegen 1.09/turn    z - ring of wizardry
MPRegen 0.16/turn

%: acrobat, guardian spirit, wizardry (x1)
@: no status effects
A: fangs 3, regeneration 1, magic shield, antimagic bite, no potion heal 2
a: no special abilities


You were on level 10 of the Dungeon.
You visited 2 branches of the dungeon, and saw 11 of its levels.
You also visited: Sewer.

You collected 538 gold pieces.

Inventory:

Hand Weapons
 a - a +0 war axe
 L - a +2 hand axe of freezing (weapon)
 O - a +0 hand axe of flaming
Missiles
 b - 7 curare-tipped darts
 G - a throwing net
 I - 6 javelins (quivered)
Armour
 c - a +0 buckler (worn)
 f - a +2 pair of gloves (worn)
 i - a +0 helmet of see invisible (worn)
 H - a +2 ring mail of cold resistance (worn)
 K - a +0 scale mail of poison resistance
 M - a +0 tower shield
 N - +0 steam dragon scales
 R - a +0 troll leather armour
Jewellery
 m - a +6 ring of strength (left hand)
 n - an amulet of the acrobat (around neck)
 z - a ring of wizardry (right hand)
 B - a ring of protection from fire
 P - an amulet of magic regeneration
Wands
 k - a wand of polymorph (11)
 o - a wand of charming (9)
 s - a wand of mindburst (15)
 E - a wand of light (9)
 Q - a wand of iceblast (6)
Scrolls
 e - 4 scrolls of amnesia
 g - 3 scrolls of noise {unknown}
 h - 9 scrolls of teleportation
 j - a scroll of immolation {unknown}
 p - 2 scrolls of enchant armour {unknown}
 q - a scroll of revelation {unknown}
 r - a scroll of torment {unknown}
 t - 2 scrolls of poison {unknown}
 v - a scroll of acquirement {unknown}
 y - 3 scrolls of fear
 A - a scroll of vulnerability {unknown}
 F - 2 scrolls of silence {unknown}
Potions
 d - 2 potions of might
 l - 8 potions of curing
 u - a potion of invisibility
 w - 2 potions of mutation
 x - 3 potions of brilliance {unknown}
 C - 3 potions of enlightenment {unknown}
 D - 4 potions of heal wounds {unknown}
 J - 2 potions of resistance {unknown}


   Skills:
 * Level 6.8 Fighting
 * Level 8.5 Axes
 + Level 1.3 Throwing
 * Level 6.2 Armour
 * Level 5.0 Dodging
 + Level 3.5 Stealth
 * Level 5.6 Shields
 + Level 4.3 Spellcasting
 + Level 3.9 Translocations
 * Level 4.4 Evocations


You had 16 spell levels left.
You knew the following spells:

 Your Spells              Type           Power      Damage    Failure   Level
a - Blink                 Tloc           16%        N/A       6%          2

Your spell library contained the following spells:

 Spells                   Type           Power      Damage    Failure   Level
 Lesser Beckoning         Tloc           16%        N/A       6%          2
 Momentum Strike          Conj/Tloc      8%         3d8       12%         2
 Foxfire                  Conj/Fire      4%         2x1d4     17%         1
 Shock                    Conj/Air       4%         1d3       17%         1
 Cigotuvi's Dreadful Rot  Necr/Pois/Air  2%         N/A       26%         2
 Ensorcelled Hibernation  Hex/Ice        2%         N/A       26%         2
 Jinxbite                 Hex            2%         N/A       26%         2
 Scorch                   Fire           2%         2d5       26%         2
 Swiftness                Air            1%         N/A       45%         3
 Airstrike                Air            0%         2d(1-17)  85%         4
 Anguish                  Hex/Necr       0%         N/A       85%         4
 Dispel Undead            Necr           1%         3d6       85%         4
 Flame Wave               Conj/Fire      1%         2d4       85%         4
 Death Channel            Necr           0%         N/A       100%        6
 Plasma Beam              Fire/Air       0%         2x1d10    100%        6
 Starburst                Conj/Fire      0%         6d3       100%        6
 Summon Cactus Giant      Summ           0%         N/A       100%        6
 Haunt                    Necr/Summ      0%         N/A       100%        7
 Borgnjor's Revivificati  Necr           0%         N/A       100%        8
 Death's Door             Necr           0%         N/A       100%        9


Dungeon Overview and Level Annotations

Branches:
Dungeon (10/15)            Temple (1/1) D:5            Lair (0/5) D:9
  Sewer (visited)
    Orc: D:9-12

Altars:
Ashenzari
Cheibriados
Dithmenos
Elyvilon
Fedhas
Gozag
Hepliaklqana
Kikubaaqudgha
Makhleb
Nemelex Xobeh
Okawaru
Qazlal
Ru
Sif Muna
Trog
Uskayaw
Vehumet
Wu Jian
Xom
Yredelemnul
Zin
The Shining One

Shops:
D:5 *!?(

Annotations:
D:8 3 runed translucent doors
Temple 2 transporters


Innate Abilities, Weirdness & Mutations

You have razor-sharp teeth.
Your natural rate of healing is unusually fast.
When hurt, damage is shared between your health and your magic reserves.
Your bite disrupts and absorbs the magic of your enemies.
Potions cannot restore your health.


Message History

There is an open door here.
You open the door.
A red ugly thing comes into view.
Found a scroll labelled JUDGHA JIYSI.
There is an open door here.
The red ugly thing gurgles horribly!
The red ugly thing gores you.
You are engulfed in flames!!
You slash the red ugly thing! You freeze the red ugly thing.
Your bite misses the red ugly thing.
The red ugly thing is lightly wounded.
You block the red ugly thing's attack.
You slash the red ugly thing! You freeze the red ugly thing.
You bite the red ugly thing. You drain its power.
You feel invigorated.
The red ugly thing is heavily wounded.
The red ugly thing closely misses you.
You closely miss the red ugly thing. You bite the red ugly thing!
You drain its power.
The red ugly thing is heavily wounded.
The red ugly thing closely misses you.
You hit the red ugly thing but do no damage.
The red ugly thing is heavily wounded.
The red ugly thing gores you.
You are engulfed in flames!
You hit the red ugly thing. You freeze the red ugly thing.
Your bite misses the red ugly thing.
The red ugly thing is severely wounded.
The red ugly thing gores you but does no damage.
You hit the red ugly thing. You freeze the red ugly thing.
The red ugly thing is severely wounded.
The red ugly thing gores you but does no damage.
You barely miss the red ugly thing.
The red ugly thing is severely wounded.
The red ugly thing gores you.
You are engulfed in flames!!
* * * LOW HITPOINT WARNING * * *
You closely miss the red ugly thing. You bite the red ugly thing.
You drain its power.
You feel invigorated.
The red ugly thing is severely wounded.
The red ugly thing gores you.
* * * LOW HITPOINT WARNING * * *
You are engulfed in flames!!
You die...

######............
..................
......#####.(.##### #....##
#.##...## #...## ##.....## #...#
#...?...# #...# #.......# #..
#...# #...u...# #.### ....##
#..@..# ##.#.. .....## ##...##
##..#..
......##+#######'#######+##...#..
).............................#..
..................†...........#..
.†..........).................#..
).....##+#######'#######'##...#'#
.....## ##...## ##...##.....
....## ##.....###.....##....


You could see a red ugly thing.

Vanquished Creatures
  Erica (D:9)
  Pikel (D:6)
  Maurice (D:8)
  An unseen horror (D:7)
  A gargoyle (D:10)
  A troll (D:10)
  Sigmund (D:3)
  A shadow (D:6)
  12 yaks
  A wraith (D:10)
  A wyvern (D:10)
  Grum (D:8)
  A steam dragon (D:9)
  A water moccasin (D:7)
  An acid dragon (D:9)
  Duvessa (D:6)
  3 ice beasts
  5 black bears
  An orc warrior (D:8)
  3 ogres
  3 wolves
  4 centaurs
  3 phantoms
  3 kobold brigands
  3 bullfrogs
  2 scorpions
  20 wights
  Dowan (D:6)
  A howler monkey (D:5)
  A jelly (D:6)
  A gnoll bouda (D:6)
  5 hounds
  5 orc priests
  5 iguanas
  4 sleepcaps
  16 orc wizards
  Robin (D:2)
  15 gnolls
  7 adders
  5 river rats
  A white imp (D:6)
  2 ufetubi (D:6)
  3 worms
  2 dart slugs
  26 orcs
  4 bats
  6 endoplasms
  4 giant cockroaches
  14 goblins
  8 hobgoblins
  25 kobolds
  A quokka (D:3)
  21 ball pythons
  6 frilled lizards
  33 rats
300 creatures vanquished.

Notes
Turn   | Place    | Note
-------+----------+-------------------------------------------
     0 | D:1      | gelatine the Vine Stalker Fighter began the quest for the
                  | Orb.
     0 | D:1      | Reached XP level 1. HP: 11/11 MP: 2/2
    77 | D:1      | Reached skill level 2 in Axes
    77 | D:1      | Reached XP level 2. HP: 16/16 MP: 3/3
   319 | D:1      | Reached XP level 3. HP: 17/20 MP: 2/4
   796 | D:2      | Noticed Robin
   829 | D:2      | Killed Robin
   830 | D:2      | Reached XP level 4. HP: 12/24 MP: 2/5
  1293 | D:2      | Learned a level 2 spell: Blink
  1665 | D:3      | Found a faded altar of an unknown god.
  1713 | D:3      | Found a radiant altar of Vehumet.
  1826 | D:3      | Found a glowing drain.
  1847 | Sewer    | Entered a sewer
  1917 | Sewer    | Reached XP level 5. HP: 28/28 MP: 3/6
  1930 | Sewer    | Reached skill level 1 in Stealth
  2022 | Sewer    | Reached skill level 3 in Axes
  2160 | Sewer    | Reached skill level 1 in Spellcasting
  2160 | Sewer    | Reached XP level 6. HP: 32/32 MP: 6/8
  2171 | Sewer    | Reached skill level 1 in Dodging
  2171 | Sewer    | Reached skill level 1 in Translocations
  2280 | D:3      | Noticed Sigmund
  2285 | D:3      | Killed Sigmund
  2286 | D:3      | Reached XP level 7. HP: 36/36 MP: 8/10
  2843 | D:4      | Reached skill level 4 in Axes
  2973 | D:4      | Found a white marble altar of Elyvilon.
  3217 | D:4      | Gained mutation: You have razor-sharp teeth. [Vine Stalker
                  | growth]
  3217 | D:4      | Reached XP level 8. HP: 40/42 MP: 9/12
  3435 | D:5      | Entered Level 5 of the Dungeon
  3435 | D:5      | Found Icurips's Distillery.
  3449 | D:5      | Reached skill level 1 in Evocations
  3461 | D:5      | Found Beaff's Magic Scroll Emporium.
  3481 | D:5      | Reached skill level 5 in Axes
  3659 | D:5      | Found a glowing silver altar of Zin.
  3794 | D:5      | Found Mothroih's Overcharged Wands.
  3892 | D:5      | Found Siugocab's Weapon Shoppe.
  4062 | D:5      | Found a basalt altar of Yredelemnul.
  4148 | D:5      | Found a staircase to the Ecumenical Temple.
  4154 | Temple   | Found a transporter.
  4154 | Temple   | Found a transporter.
  4154 | Temple   | Found a transporter.
  4154 | Temple   | Found a transporter.
  4154 | Temple   | Entered the Ecumenical Temple
  4271 | D:6      | Noticed a shadow
  4285 | D:6      | Killed a shadow
  4286 | D:6      | Reached XP level 9. HP: 44/46 MP: 14/14
  4340 | D:6      | Reached skill level 6 in Axes
  4443 | D:6      | Noticed Pikel
  4453 | D:6      | Reached skill level 5 in Fighting
  4466 | D:6      | Killed Pikel
  4522 | D:6      | Noticed Dowan
  4524 | D:6      | Noticed Duvessa
  4532 | D:6      | Killed Duvessa
  4537 | D:6      | Killed Dowan
  4885 | D:6      | Found a glowing golden altar of the Shining One.
  5200 | D:6      | Reached skill level 7 in Axes
  5200 | D:6      | Reached XP level 10. HP: 13/51 MP: 4/16
  5302 | D:7      | Found an iron altar of Okawaru.
  5545 | D:7      | Noticed an unseen horror
  5600 | D:7      | Killed an unseen horror
  5971 | D:8      | Reached skill level 5 in Armour
  5979 | D:8      | Noticed Maurice
  5986 | D:8      | Reached skill level 5 in Shields
  6094 | D:8      | Maurice stole a ring of protection from fire
  6096 | D:8      | Maurice stole a +0 war axe
  6098 | D:8      | Maurice stole 304 gold
  6263 | D:8      | Killed Maurice
  6415 | D:8      | Noticed Grum
  6490 | D:8      | Killed Grum
  6491 | D:8      | Reached XP level 11. HP: 43/57 MP: 12/18
  6672 | D:8      | Reached skill level 8 in Axes
  6839 | D:8      | Found a runed translucent gate.
  6840 | D:8      | Found a runed translucent gate.
  6840 | D:8      | Found a runed translucent gate.
  6840 | D:8      | Noticed a cyan ugly thing
  6840 | D:8      | Noticed a white ugly thing
  6841 | D:8      | Noticed a purple ugly thing
  6841 | D:8      | Noticed a purple ugly thing
  6843 | D:8      | Noticed a green ugly thing
  7429 | D:9      | Noticed Erica
  7440 | D:9      | Killed Erica
  7731 | D:9      | Found a staircase to the Lair.
  7933 | D:10     | Entered Level 10 of the Dungeon
  7983 | D:10     | Reached skill level 5 in Dodging
  8052 | D:10     | Found an ornate altar of the Wu Jian Council.
  8391 | D:10     | Reached skill level 1 in Throwing
  8457 | D:10     | Noticed a red ugly thing
  8468 | D:10     | Slain by a red ugly thing

Illustrated notes

Levels and vault maps discovered:
D:1:      dpeg_arrival_subterranean_lakeside_camping, layout_rooms
D:2:      layout_basic, minmay_quadrilaterals, uniq_robin
D:3:      layout_loops_ring, lemuel_round_altar, portal_sewer_entry_a,
          basic_ecumenical_altar, chequers_serial_rivers_small_a,
          minmay_surrounded, uniq_sigmund
D:4:      layout_basic, elyvilon_altar_1, minmay_starry_boxes
D:5:      layout_cave_pools, old_standard_altar, zin_academy,
          minmay_temple_entry_enclosed_plants, serial_shops, shop, shop, shop,
          minivault_4, st_stairs_2, chequers_serial_rivers_small_3,
          hangedman_decor_growths, nicolae_shop_overcharged_wands
D:6:      layout_basic, mainiacjoe_overflow_six_doors_small, kennysheep_boxes,
          uniq_pikel, uniq_duvessa
D:7:      layout_rooms, okawaru_gym_becter
D:8:      layout_rooms, ploomutoo_gammafunk_ghost_potion_laboratory,
          nicolae_figureground_pulse, uniq_grum, uniq_maurice
D:9:      layout_cave_pools, lair_entry_dummy, uniq_erica
D:10:     kennysheep_six_static_rooms, layout_irregular_city,
          mainiacjoe_overflow_24_doors, enter_trove_6, corner_web_ring
Temple:   hellmonk_temple_divided_pantheon

Skill      XL: |  1  2  3  4  5  6  7  8  9 10 11 |
---------------+----------------------------------+-----
Axes           | 2 3 4 5 7 8 |  8.5
Fighting       | 3 4 5 6 |  6.8
Shields        | 3 4 5 |  5.6
Armour         | 3 4 5 6 |  6.2
Stealth        | 1 2 3 |  3.5
Spellcasting   | 1 2 3 4 |  4.3
Dodging        | 1 2 3 4 5 |  5.0
Translocations | 1 2 3 |  3.9
Evocations     | 1 2 3 4 |  4.4
Throwing       | 1 |  1.3

Action                     |  1- 3 |  4- 6 |  7- 9 | 10-12 || total
---------------------------+-------+-------+-------+-------++-------
  Melee: War axe           |    77 |       |       |       ||    77
         Bite              |    11 |    24 |   139 |   162 ||   336
         Hand axe          |       |   154 |   347 |   423 ||   924
         Unarmed           |       |       |       |    11 ||    11
  Throw: Javelin           |       |       |       |    28 ||    28
   Cast: Blink             |       |       |       |     1 ||     1
  Evoke: Wand              |       |       |     8 |     2 ||    10
    Use: Scroll            |       |     6 |     3 |     1 ||    10
         Potion            |       |     1 |     1 |     1 ||     3
   Stab: Sleeping          |       |     1 |     6 |       ||     7
         Distracted        |       |       |     1 |       ||     1
         Invisible         |       |       |       |     1 ||     1
 Armour: Scale mail        |    38 |       |       |       ||    38
         Leather armour    |    22 |       |   130 |    51 ||   203
         Ring mail         |       |   120 |   153 |   273 ||   546
         Skin              |       |       |       |    23 ||    23
  Dodge: Dodged            |    33 |   113 |   198 |   268 ||   612
  Block: Buckler           |    18 |    45 |    91 |   108 ||   262

Table legend: (Time is in decaauts)
 A = Elapsed time spent in this place.
 B = Non-inter-level travel time spent in this place.
 C = Inter-level travel time spent in this place.
 D = Time resting spent in this place.
 E = Time spent auto-exploring this place.
 F = Levels seen in this place.
 G = Mean time per level.
                   A        B        C        D        E       F      G
               +--------+--------+--------+--------+--------+-----+--------+
         Total |   8599 |   8136 |    463 |      0 |   5660 |  12 |  716.6 |
       Dungeon |   8137 |   7674 |    463 |      0 |   5477 |  10 |  813.7 |
        Temple |     21 |     21 |      0 |      0 |      0 |   1 |   21.0 |
         Sewer |    440 |    440 |      0 |      0 |    183 |   1 |  440.0 |
               +--------+--------+--------+--------+--------+-----+--------+

Top non-repeatable levels by time:
     D:8: 1067 daAuts
     D:6: 1021 daAuts
     D:2: 975 daAuts
     D:7: 850 daAuts
     D:3: 821 daAuts
     D:5: 813 daAuts
     D:9: 729 daAuts
     D:4: 675 daAuts
     D:1: 647 daAuts
    D:10: 535 daAuts
   Sewer: 440 daAuts
  Temple: 21 daAuts
